 Dungeon Crawl Stone Soup version 0.20.1-1-g8b1a95d (webtiles) character file.

3217 letownia2 the Thaumaturge (level 9, -3/78 HPs)
             Began as a Deep Dwarf Necromancer on Dec 28, 2017.
             Was an Initiate of Gozag.
             Slain by a warg (12 damage)
             ... on level 9 of the Dungeon.
             The game lasted 00:20:22 (7789 turns).

letownia2 the Thaumaturge (Deep Dwarf Necromancer)  Turns: 7789, Time: 00:20:23

Health: -3/78      AC:  9    Str: 14    XL:     9   Next: 65%
Magic:  2/22       EV: 12    Int: 20    God:    Gozag
Gold:   821        SH:  4    Dex: 13    Spells: 22/26 levels left

rFire    . . .     SeeInvis .   a - +3 rapier (venom)
rCold    . . .     Gourm    .   e - +0 buckler
rNeg     . . .     Faith    .   p - +0 scale mail
rPois    .         Spirit   .   x - +0 helmet
rElec    .         Reflect  .   N - +0 cloak
rCorr    .         Harm     .   (no gloves)
MR       +....                  y - +0 pair of boots
Stlth    +.........             (no amulet)
Regen    0.0/turn               z - +3 ring of evasion
MPRegen  0.2/turn               O - +3 ring of intelligence

@: non-regenerating, drained
A: damage resistance, heal wounds, sense surroundings 2, no regeneration
a: Heal Wounds, Potion Petition, Call Merchant, Bribe Branch, Renounce Religion


You were on level 9 of the Dungeon.
You worshipped Gozag.
Gozag was pleased with you.
You were not hungry.

You visited 2 branches of the dungeon, and saw 10 of its levels.

You collected 1355 gold pieces.
You paid 534 gold pieces to Gozag.

Inventory:

Hand Weapons
 a - a +3 rapier of venom (weapon)
 b - a +0 falchion of holy wrath
 d - a +0 trident of protection
 h - a +2 battleaxe
 v - a +2 mace of protection
 C - a +0 war axe
 H - a +1 dagger of pain
 L - a +2 quarterstaff of chaos
Missiles
 F - 142 bolts
Armour
 e - a +0 buckler (worn)
 k - a +0 ring mail
 p - a +0 scale mail (worn)
 x - a +0 helmet (worn)
 y - a +0 pair of boots (worn)
 G - a +2 leather armour of fire resistance
 N - a +0 cloak (worn)
Jewellery
 z - a +3 ring of evasion (left hand)
 I - an uncursed ring of poison resistance
 M - an uncursed ring of positive energy
 O - a +3 ring of intelligence (right hand)
Wands
 E - a wand of polymorph (7/24)
Scrolls
 g - 7 scrolls of identify
 i - 2 scrolls of immolation {unknown}
 o - a scroll of magic mapping {unknown}
 s - 2 scrolls of amnesia
 t - 2 scrolls of fog
 u - 2 scrolls of remove curse
 w - 2 scrolls of blinking {unknown}
 D - 2 scrolls of enchant armour {unknown}
Potions
 j - 2 potions of brilliance {unknown}
 m - a potion of ambrosia {unknown}
 n - 3 potions of might {unknown}
 q - 2 potions of flight {unknown}
 r - 2 potions of curing
 A - 2 potions of haste
 B - a potion of resistance
 J - a potion of berserk rage
 K - a potion of degeneration {unknown}
Books
 f - a book of Necromancy

   Spells                             Type                      Level
   a - Pain                           Necromancy                   1
   b - Animate Skeleton               Necromancy                   1
   c - Vampiric Draining              Necromancy                   3
   d - Regeneration                   Charms/Necromancy            3
   e - Animate Dead                   Necromancy                   4
   f - Control Undead                 Necromancy                   4
Comestibles
 c - 7 bread rations
 l - 3 royal jellies


   Skills:
 - Level 3.9(3.5) Fighting
 - Level 2.1(1.7) Dodging
 - Level 2.4(2.0) Stealth
 + Level 2.0(1.6) Shields
 + Level 9.2(8.7) Spellcasting
 - Level 8.6(8.1) Necromancy


You had 22 spell levels left.
You knew the following spells:

 Your Spells              Type           Power        Failure   Level  Hunger
a - Pain                  Necr           ####         1%          1    None
v - Vampiric Draining     Necr           #####.....   4%          3    None


Dungeon Overview and Level Annotations

Branches:
Dungeon (9/15)             Temple (1/1) D:4             Orc (0/2) D:9
   Lair: D:8-11

Altars:
Ashenzari
Cheibriados
Dithmenos
Elyvilon
Fedhas
Gozag
Hepliaklqana
Kikubaaqudgha
Makhleb
Nemelex Xobeh
Okawaru
Qazlal
Ru
Sif Muna
Trog
Uskayaw
Xom
Yredelemnul
Zin
The Shining One

Shops:
D:7 [[

Annotations:
D:3 2 transporters, Grinder
D:8 bmj180's ghost, novice HOFi


Innate Abilities, Weirdness & Mutations

You are resistant to damage.
You can heal yourself by infusing magical energy.
You passively map the area around you.
You do not regenerate.


Message History

Unknown command.
You closely miss the warg.
The warg is moderately wounded.
The warg bites you but does no damage.
You hit the warg but do no damage.
The warg is moderately wounded.
The warg barely misses you. The warg bites you.
* * * LOW HITPOINT WARNING * * *
Unknown command.
You feel better. The warg bites you!
* * * LOW HITPOINT WARNING * * *
Evoke which item? (* to show all) (? for menu, Esc to quit)
Aiming: Polymorph (will waste charges)
Press: ? - help, Shift-Dir - straight line, f/p - warg
Aim: a warg (moderately wounded, chance to defeat MR: 28%)
The warg easily resists.
Evoking this partially-identified wand wasted a few charges.
The warg bites you!
You die...
Your body crumbles into a pile of gold.

* #...)..#####...... ,
#####...#...# #...... ,
##...#####)..## #...<..
##.8.8.###.....###......
,
+....$$.+.......##......
+
#..#'#..#..#.#..########
* *,#, #.##.#.##.##.# *
* * .?,#h#.#...#.# * $ ,
# #.?,#@#.#.(.#.# + , ,
#.##.##.#.##.##.# *
+*,,#..#+#..#..#.#..# $
, , ,#.......#......##
,, ,* , ##.8.8.###.....#
*##.....###....## , , *
,#.......#....## ** + *
............### * * *
*###.......#### , *


You could see a warg.

Vanquished Creatures
  A hippogriff (D:8)
  Eustachio (D:6)
  Duvessa (D:7)
  A water moccasin (D:5)
  4 orc warriors
  2 phantoms (D:4)
  4 ogres
  4 centaurs
  Blork the orc (D:6)
  A bullfrog (D:7)
  Dowan (D:7)
  5 wights (D:7)
  4 crimson imps
  3 hounds
  6 orc priests
  Crazy Yiuf (D:7)
  4 orc wizards
  A centaur skeleton (D:6)
  2 bullfrog skeletons
  2 iguanas (D:4)
  Natasha (twice) (D:2)
  6 worker ants
  A hound skeleton (D:4)
  A worker ant zombie (D:7)
  A howler monkey skeleton (D:5)
  4 adders
  4 shadow imps
  2 oozes
  3 worms
  A dart slug (D:2)
  3 leopard geckos
  23 orcs
  2 giant cockroaches
  7 goblins
  10 hobgoblins
  4 jackals (D:1)
  8 kobolds
  2 quokkas
  4 bats
  12 frilled lizards
  2 leopard gecko skeletons (D:5)
  5 rats
156 creatures vanquished.

Notes
Turn   | Place    | Note
-------+----------+-------------------------------------------
     0 | D:1      | letownia2 the Deep Dwarf Necromancer began the quest for the Orb.
     0 | D:1      | Reached XP level 1. HP: 15/15 MP: 3/3
   192 | D:3      | Noticed an orc wizard
   238 | D:2      | Reached skill level 2 in Spellcasting
   289 | D:2      | Reached XP level 2. HP: 14/22 MP: 0/5
   755 | D:2      | Reached skill level 5 in Necromancy
   793 | D:2      | Reached XP level 3. HP: 9/28 MP: 3/6
   801 | D:2      | Learned a level 3 spell: Vampiric Draining
  1224 | D:4      | Reached XP level 4. HP: 33/36 MP: 2/8
  1321 | D:4      | Reached skill level 3 in Spellcasting
  1420 | D:4      | Noticed an ogre
  1430 | D:4      | Killed an ogre
  1430 | D:4      | Reached XP level 5. HP: 32/42 MP: 0/10
  1587 | D:4      | Noticed a phantom
  1728 | D:4      | Noticed a phantom
  1778 | D:4      | Killed a phantom
  1778 | D:4      | Reached skill level 1 in Fighting
  1778 | D:4      | Reached XP level 6. HP: 21/51 MP: 11/11
  2128 | D:4      | Found a staircase to the Ecumenical Temple.
  2138 | D:3      | Found a transporter.
  2154 | Temple   | Entered the Ecumenical Temple
  2298 | Temple   | Became a worshipper of Gozag Ym Sagoz the Greedy
  2390 | D:3      | Found a transporter.
  2423 | D:3      | Noticed Grinder
  2797 | D:2      | Noticed Natasha
  2805 | D:2      | Killed Natasha
  2895 | D:2      | Noticed Natasha
  2899 | D:2      | Killed Natasha
  2899 | D:2      | Reached XP level 7. HP: 31/60 MP: 8/12
  3882 | D:3      | Found a faded altar of an unknown god.
  3887 | D:3      | Reached skill level 4 in Spellcasting
  4333 | D:5      | Entered Level 5 of the Dungeon
  4411 | D:5      | Found a hide-covered altar of Uskayaw.
  4412 | D:5      | Noticed an enchanted hand axe
  4413 | D:5      | Noticed a hand axe
  4523 | D:5      | Found a basalt altar of Yredelemnul.
  4811 | D:5      | Reached skill level 5 in Spellcasting
  4836 | D:5      | Reached XP level 8. HP: 24/67 MP: 8/15
  5346 | D:6      | Reached skill level 6 in Spellcasting
  5355 | D:6      | Noticed Eustachio
  5421 | D:6      | Killed Eustachio
  5563 | D:6      | Reached skill level 7 in Spellcasting
  5625 | D:6      | Noticed Blork the orc
  5640 | D:6      | Killed Blork the orc
  6032 | D:7      | Noticed a two-headed ogre
  6085 | D:7      | Found Isiv's Armour Shoppe.
  6190 | D:7      | Found a sparkling altar of Nemelex Xobeh.
  6249 | D:7      | Found an iron altar of Okawaru.
  6249 | D:7      | Noticed Duvessa
  6257 | D:7      | Noticed Dowan
  6273 | D:7      | Killed Dowan
  6277 | D:7      | Killed Duvessa
  6277 | D:7      | Reached skill level 8 in Spellcasting
  6277 | D:7      | Gained mutation: You passively map the area around you. [Deep Dwarf growth]
  6277 | D:7      | Reached XP level 9. HP: 34/73 MP: 10/21
  6282 | D:7      | Found a glowing silver altar of Zin.
  6334 | D:7      | Found a runed door.
  6944 | D:8      | Noticed bmj180's ghost (novice HOFi)
  7191 | D:7      | Reached skill level 9 in Spellcasting
  7417 | D:7      | Noticed Crazy Yiuf
  7423 | D:7      | Killed Crazy Yiuf
  7749 | D:9      | Found a staircase to the Orcish Mines.
  7771 | D:9      | Reached skill level 1 in Shields
  7789 | D:9      | Slain by a warg

Skill      XL: |  1  2  3  4  5  6  7  8  9 |
---------------+----------------------------+-----
Spellcasting   | 2 3 5 8 9 |  9.2
Necromancy     | 5 6 7 8 |  8.6
Fighting       | 1 2 3 |  3.9
Shields        | 2 |  2.0
Dodging        | |  2.1
Stealth        | |  2.4

Action                   |  1- 3 |  4- 6 |  7- 9 || total
-------------------------+-------+-------+-------++-------
Melee: Unarmed           |    10 |       |       ||    10
       Falchion          |     3 |    28 |   169 ||   200
       Mace              |     2 |    13 |       ||    15
       Trident           |       |    16 |    80 ||    96
       Rapier            |       |       |    77 ||    77
 Cast: Pain              |    35 |    36 |    42 ||   113
       Vampiric Draining |     7 |    18 |    79 ||   104
Invok: Call Merchant     |       |       |     1 ||     1
Evoke: Wand              |       |       |     1 ||     1
  Use: Scroll            |       |       |     5 ||     5
       Potion            |       |       |     1 ||     1
 Stab: Distracted        |       |       |     3 ||     3
       Sleeping          |       |       |     2 ||     2
  Eat: Chunk             |     2 |     4 |       ||     6
       Royal jelly       |       |     1 |     4 ||     5
       Meat ration       |       |       |     3 ||     3
Armor: Robe              |     4 |       |       ||     4
       Ring mail         |     7 |    26 |    51 ||    84
       Leather armour    |       |       |    13 ||    13
       Scale mail        |       |       |    16 ||    16
Dodge: Dodged            |    25 |    36 |   256 ||   317
Block: Buckler           |       |       |    11 ||    11
       Rpst.: Falchion   |     2 |     3 |    40 ||    45
